 Dungeon Crawl Stone Soup version 0.18.1-50-g88ac8fd (webtiles) character file.

73 Flanowski the Digger (level 4, 0/24 HPs)
             Began as a Gargoyle Earth Elementalist on Sept 23, 2016.
             Slain by a gnoll
             ... wielding a +0 spear
              (2 damage)
             ... on level 3 of the Dungeon.
             The game lasted 00:03:30 (1681 turns).

Flanowski the Digger (Gargoyle Earth Elementalist)  Turns: 1681, Time: 00:03:30

Health: 0/24       AC:  5    Str: 11    XL:     4   Next: 27%
Magic:  5/8        EV: 12    Int: 17    God:
Gold:   72         SH:  0    Dex: 10    Spells: 1 memorised, 8 levels left

rFire  . . .     SeeInvis .     f - +0 club
rCold  . . .     Gourm    +     a - +0 robe
rNeg   + . .     Faith    .     (no shield)
rPois  ∞         Spirit   .     (no helmet)
rElec  +         Dismiss  .     (no cloak)
rCorr  .         Reflect  .     (no gloves)
SustAt .         Harm     .     (no boots)
MR     .....                    p - amulet of the gourmand
Stlth  ++........               (no ring)
                                (no ring)

@: not resistant to hostile enchantments, unstealthy
A: negative energy resistance 1, electricity resistance, unbreathing,
petrification resistance, rot immunity, AC +3
a: no special abilities


You were on level 3 of the Dungeon.
You were full.

You visited 1 branch of the dungeon, and saw 3 of its levels.

You collected 72 gold pieces.

Inventory:

Hand Weapons
 f - a +0 club (weapon)
Missiles
 b - 71 stones (quivered)
Armour
 a - a +0 robe (worn)
Jewellery
 p - an amulet of the gourmand (around neck)
Wands
 q - a wand of enslavement (14/24)
Scrolls
 k - 5 scrolls of identify {unknown}
 o - a scroll of random uselessness {unknown}
 r - a scroll of fear {unknown}
Potions
 e - a potion of cure mutation {unknown}
 g - a potion of haste {unknown}
 h - a potion of invisibility {unknown}
 i - a potion of heal wounds {unknown}
 j - a potion of agility {unknown}
 l - a potion of mutation {unknown}
 m - 2 potions of curing {unknown}
 n - a potion of lignification {unknown}
Books
 c - a book of Geomancy

   Spells                             Type                      Level
   a - Sandblast                      Earth                        1
   b - Passwall                       Transmutation/Earth          2
   c - Stone Arrow                    Conjuration/Earth            3
   d - Petrify                        Transmutation/Earth          4
   e - Lee's Rapid Deconstruction     Earth                        5
Comestibles
 d - 3 bread rations


   Skills:
 + Level 1.8 Dodging
 - Level 2.1 Stealth
 * Level 3.0 Spellcasting
   Level 0.7 Transmutations
 * Level 4.8 Earth Magic


You had 8 spell levels left.
You knew the following spells:

 Your Spells              Type           Power        Failure   Level  Hunger
a - Sandblast             Erth           ###...       2%          1    None


Dungeon Overview and Level Annotations

Branches:
Dungeon (3/15)

Altars:
Okawaru


Innate Abilities, Weirdness & Mutations

You are resistant to torment.
Your stone body is resilient (AC +3).
You are immune to poison.
You resist negative energy.
You are resistant to electric shocks.
You can survive without breathing.
You are immune to petrification.
You are immune to rotting.


Message History

Casting: Sandblast
Confirm with . or Enter, or press ? or * to list all spells.
Aiming: Sandblast
Press: ? - help, Shift-Dir - straight line, f/p - gnoll
Aim: a gnoll, wielding a spear The blast of sand hits the gnoll.
The gnoll is lightly wounded.
The gnoll barely misses you.
Casting: Sandblast
Confirm with . or Enter, or press ? or * to list all spells.
Aiming: Sandblast
Press: ? - help, Shift-Dir - straight line, f/p - gnoll
Aim: a gnoll, wielding a spear (lightly wounded)
The blast of sand misses the gnoll.
The gnoll hits you from afar with a spear.
* * * LOW HITPOINT WARNING * * *
An orc comes into view.
The orc shouts!
The gnoll hits you from afar with a spear.
You die...

....# .#.#..#. #...#
...#.... #...# #.....##
#...# ......# #...#
####.#..########...#
...................#
.#######....#########..###
....gg).g.@..............##
.#######....########...#...
#.......# #.......
#.#.....# ###.#.#.##
#.o....... ..........
.......#############.##
........................
........#.........#.#...
.........#.#.#..#


You could see 3 gnolls and an orc.

Vanquished Creatures
  Ijyb (D:2)
  A gnoll (D:3)
  2 dart slugs
  3 giant geckos
  2 bats
  9 goblins
  2 hobgoblins
  3 kobolds
  A ball python (D:1)
  3 giant newts
  4 rats
31 creatures vanquished.

Notes
Turn   | Place    | Note
--------------------------------------------------------------
     0 | D:1      | Flanowski the Gargoyle Earth Elementalist began the quest for the Orb.
     0 | D:1      | Reached XP level 1. HP: 10/10 MP: 3/3
   260 | D:1      | Reached skill level 4 in Earth Magic
   260 | D:1      | Reached XP level 2. HP: 13/15 MP: 1/5
   875 | D:2      | Reached XP level 3. HP: 15/19 MP: 0/6
  1039 | D:2      | Found an iron altar of Okawaru.
  1393 | D:2      | Noticed Ijyb
  1415 | D:2      | Killed Ijyb
  1415 | D:2      | Reached XP level 4. HP: 12/24 MP: 0/8
  1678 | D:3      | HP: 1/24 [gnoll/spear (5)]
  1681 | D:3      | Slain by a gnoll

Skill      XL: |  1  2  3 |
---------------+----------+-----
Earth Magic    | 4 |  4.8
Spellcasting   | 3 |  3.0
Dodging        | |  1.8
Stealth        | |  2.1
Transmutations | |  0.7

Action                   |  1- 3 |  4- 6 || total
-------------------------+-------+-------++-------
Melee: Club              |    36 |    28 ||    64
 Cast: Sandblast         |    46 |     3 ||    49
  Eat: Chunk             |    10 |     1 ||    11
Armor: Robe              |    17 |     4 ||    21
Dodge: Dodged            |    37 |    23 ||    60
